AoeStats
← Franto_36

Arabia

508735849Analyzed
1v1 RM · 10d ago on Sep 23, 2026· 78m 33s· 2 players
Game mode
Random Map
Map size
Tiny (2 player)
Population
200
Speed
Normal
Resources
Standard
Victory
Conquest
Starting age
Dark Age
Ending age
Imperial Age
RankedLock teamsTeams togetherTeam positionsShared explorationLock speedFull tech treeHidden civsTurbo modeCheats
Victory
Defeat
🇫🇷 Wei · France
806
+18
🇸🇰 Armenians · Slovakia
847
-18
jaxom
10:20 Feudal Age
8:36 Loom
10:48 Double-Bit Axe
10:44 Horse Collar
16:01 Fletching
16:12 Padded Archer Armor
19:09 Padded Archer Armor
22:48 Castle Age
21:41 Gold Mining
21:41 Stone Mining
23:32 Bloodlines
23:42 Bow Saw
23:34 Heavy Plow
23:52 Thumb Ring
24:11 Bodkin Arrow
26:46 Elite Skirmisher
28:08 Husbandry
27:59 Town Watch
29:27 Gold Shaft Mining
30:06 Wheelbarrow
30:06 Leather Archer Armor
32:32 Town Patrol
34:18 Light Cavalry
39:58 Hand Cart
41:00 Forging
40:56 Scale Barding Armor
46:00 Iron Casting
45:46 Chain Barding Armor
47:38 Ballistics
52:07 Imperial Age
50:13 Treadmill Crane
50:44 Masonry
50:42 Scale Mail Armor
53:19 Tuntian
53:45 Ming Guang Armor
53:40 Conscription
53:26 Bracer
53:56 Ring Archer Armor
54:27 Blast Furnace
52:53 Hussar
54:54 Parthian Tactics
Franto_36
7:45 Loom
10:07 Feudal Age
10:36 Double-Bit Axe
11:31 Man-at-Arms
12:26 Arson
14:24 Long Swordsman
16:42 Horse Collar
17:41 Town Watch
20:13 Forging
21:24 Scale Mail Armor
21:51 Gold Mining
22:06 Fletching
23:24 Padded Archer Armor
28:01 Castle Age
27:55 Stone Mining
28:29 Elite Skirmisher
29:08 Bodkin Arrow
29:29 Leather Archer Armor
29:30 Chain Mail Armor
29:10 Gambesons
30:06 Squires
30:08 Two-Handed Swordsman
32:31 Wheelbarrow
34:46 Hand Cart
36:26 Iron Casting
36:23 Heavy Plow
36:36 Bow Saw
37:02 Gold Shaft Mining
40:36 Town Patrol
40:01 Champion
46:08 Imperial Age
46:07 Ballistics
45:43 Murder Holes
45:29 Treadmill Crane
45:59 Masonry
48:02 Blast Furnace
47:33 Plate Mail Armor
47:04 Bracer
47:37 Ring Archer Armor
48:09 Conscription
49:19 Hoardings
48:17 Capped Ram
50:14 Guilds
53:32 Siege Ram
56:01 Chemistry
58:34 Fereters
59:25 Pikeman
60:56 Elite Composite Bowman
65:13 Halberdier
71:02 Onager
76:00 Coinage
Connection lost

Rejoining the realm…

Still unreachable

The connection could not be restored.

Session expired

The server has moved on; the page needs a fresh start.